 Dungeon Crawl Stone Soup version 0.21-a0-95-g06f091e (webtiles) character file.

1787 grindst0ne the Transmogrifier (level 9, -7/59 HPs)
             Began as a Merfolk Transmuter on July 4, 2017.
             Was a Believer of Makhleb.
             Mangled by an unseen horror (11 damage)
             ... on level 6 of the Dungeon.
             The game lasted 00:14:06 (7084 turns).

grindst0ne the Transmogrifier (Merfolk Transmuter)  Turns: 7084, Time: 00:14:07

Health: -7/59      AC:  4    Str: 13    XL:     9   Next: 8%
Magic:  6/12       EV: 13    Int: 12    God:    Makhleb [**....]
Gold:   302        SH:  0    Dex: 15    Spells: 1/12 levels left

rFire    . . .     SeeInvis .     - Unarmed
rCold    . . .     Gourm    .   (shield currently unavailable)
rNeg     . . .     Faith    .   b - +0 robe
rPois    .         Spirit   .   y - +1 hat
rElec    .         Reflect  .   (no cloak)
rCorr    .         Harm     .   (gloves currently unavailable)
MR       .....                  f - +0 pair of boots
Stlth    ++........             (no amulet)
HPRegen  0.19/turn              i - ring of stealth
MPRegen  0.13/turn              (no ring)

@: blade hands
A: change form in water, swift swim, stealthy swim
a: End Transformation, Minor Destruction, Renounce Religion


You were on level 6 of the Dungeon.
You worshipped Makhleb.
Makhleb was pleased with you.
You were very hungry.
You had blades for hands.
You visited 1 branch of the dungeon, and saw 6 of its levels.

You collected 302 gold pieces.

Inventory:

Missiles
 o - 40 arrows
Armour
 b - a +0 robe (worn)
 f - a +0 pair of boots (worn)
 y - a +1 hat (worn)
Jewellery
 i - a ring of stealth (left scythe-like blade)
Wands
 a - a wand of digging (13/24)
Scrolls
 g - a scroll of random uselessness {unknown}
 k - 3 scrolls of remove curse
 n - 3 scrolls of enchant weapon {unknown}
 s - a scroll of teleportation {unknown}
 t - 3 scrolls of noise {unknown}
 u - 2 scrolls of fear {unknown}
 x - 2 scrolls of identify
Potions
 e - a potion of agility
 h - a potion of brilliance {unknown}
 l - 3 potions of heal wounds
 m - a potion of lignification
 p - a potion of invisibility
 q - 3 potions of mutation
 r - a potion of cancellation
 w - a potion of might {unknown}
 z - 2 potions of resistance {unknown}
Books
 c - a book of Changes

   Spells                             Type                      Level
   a - Beastly Appendage              Transmutation                1
   b - Sticks to Snakes               Transmutation                2
   c - Spider Form                    Transmutation/Poison         3
   d - Ice Form                       Ice/Transmutation            4
   e - Blade Hands                    Transmutation                5
Comestibles
 d - a bread ration
 j - 3 royal jellies
 v - 2 meat rations


   Skills:
 - Level 1.1 Fighting
 - Level 2.6 Dodging
 - Level 4.1 Unarmed Combat
 - Level 2.0 Spellcasting
 + Level 14.0 Transmutations


You had one spell level left.
You knew the following spells:

 Your Spells              Type           Power        Failure   Level  Hunger
a - Beastly Appendage     Tmut           ####..       7%          1    ##.....
b - Sticks to Snakes      Tmut           ####....     8%          2    ###....
c - Spider Form           Tmut/Pois      ###.......   32%         3    ####...
d - Blade Hands           Tmut           ####......   22%         5    ######.


Dungeon Overview and Level Annotations

Branches:
Dungeon (6/15)
 Temple: D:4-7

Altars:
Elyvilon
Hepliaklqana
Makhleb
Okawaru
Trog

Annotations:
D:2 exclusion: downstairs


Message History

Found a sedimented purple potion.
Something hits you! Something hits you.
Casting: Blade Hands
Confirm with . or Enter, or press ? or * to list all spells.
Your hands turn into razor-sharp scythe blades.
You are feeling very hungry.
Something barely misses you.
You slash something! Something hits you.
You swap places.
Something hits you! Something hits you.
Your ball python bites something.
Your ball python withers and dies!
Something hits you.
* * * LOW HITPOINT WARNING * * *
Something hits you.
* * * LOW HITPOINT WARNING * * *
Okay, then.
Something hits you!
* * * LOW HITPOINT WARNING * * *
Something hits you!
You die...

#... #....#
#!...# #....#
#.... ###
#....
....#...#####
..........@.#
...#...###.#
#.#...# #.#
......# #.#
##.#.#.# #.#
## #.#.#.###.#
.. #.#.#...#.#
..##
#.#.#.#.#.##
...#
###......S...#


There were no monsters in sight!

Vanquished Creatures
  Menkaure (D:6)
  A sky beast (D:5)
  2 ogres
  2 ice beasts
  A phantom (D:5)
  2 centaurs (D:5)
  A crocodile (D:3)
  A bullfrog (D:6)
  2 scorpions (D:5)
  3 orc wizards
  2 hounds
  3 orc priests (D:4)
  4 bullfrog skeletons
  Jessica (D:2)
  Terence (D:2)
  An iguana (D:5)
  4 worker ants
  A hound skeleton (D:5)
  10 adders
  A shadow imp (D:5)
  2 oozes
  2 adder skeletons (D:5)
  A dart slug (D:2)
  3 leopard geckos
  9 orcs
  2 ball pythons
  6 bats
  5 giant cockroaches
  6 goblins
  6 hobgoblins
  8 jackals
  4 quokkas
  4 frilled lizards
  8 kobolds
  6 rats
116 creatures vanquished.

Vanquished Creatures (collateral kills)
  A scorpion (D:4)
  An ooze (D:3)
  An orc (D:4)
  A goblin (D:3)
  A hobgoblin (D:1)
  A jackal (D:3)
  A quokka (D:6)
  A frilled lizard (D:3)
  2 kobolds
  A rat (D:3)
11 creatures vanquished.

Grand Total: 127 creatures vanquished

Notes
Turn   | Place    | Note
-------+----------+-------------------------------------------
     0 | D:1      | grindst0ne the Merfolk Transmuter began the quest for the Orb.
     0 | D:1      | Reached XP level 1. HP: 15/15 MP: 3/3
    33 | D:1      | Reached skill level 3 in Transmutations
   238 | D:1      | Reached XP level 2. HP: 21/21 MP: 3/5
   246 | D:1      | Learned a level 2 spell: Sticks to Snakes
   916 | D:2      | Reached XP level 3. HP: 26/26 MP: 6/6
   926 | D:2      | Found a burning altar of Makhleb.
  1064 | D:2      | Became a worshipper of Makhleb the Destroyer
  1097 | D:2      | Learned a level 3 spell: Spider Form
  1163 | D:2      | Reached skill level 4 in Transmutations
  1224 | D:2      | Noticed Terence
  1245 | D:2      | Killed Terence
  1245 | D:2      | Reached XP level 4. HP: 21/32 MP: 1/7
  1453 | D:2      | Reached skill level 5 in Transmutations
  1735 | D:2      | Noticed Jessica
  1740 | D:2      | Reached XP level 5. HP: 27/37 MP: 4/8
  1743 | D:2      | Killed Jessica
  1743 | D:2      | Reached skill level 6 in Transmutations
  2147 | D:3      | Noticed a crocodile
  2351 | D:3      | Reached skill level 7 in Transmutations
  2360 | D:3      | Reached * piety under Makhleb
  2360 | D:3      | Reached XP level 6. HP: 25/43 MP: 3/9
  2516 | D:3      | Reached skill level 8 in Transmutations
  2652 | D:3      | Found a faded altar of an unknown god.
  3077 | D:4      | Found a white marble altar of Elyvilon.
  3090 | D:4      | Found a bloodstained altar of Trog.
  3205 | D:4      | Reached skill level 9 in Transmutations
  3205 | D:4      | Reached XP level 7. HP: 48/48 MP: 2/10
  3529 | D:4      | Reached skill level 10 in Transmutations
  4152 | D:5      | Entered Level 5 of the Dungeon
  4646 | D:5      | Reached skill level 11 in Transmutations
  4646 | D:5      | Reached XP level 8. HP: 40/54 MP: 7/11
  4653 | D:5      | Learned a level 5 spell: Blade Hands
  4745 | D:5      | Reached ** piety under Makhleb
  5234 | D:5      | Found a hazy altar of Hepliaklqana.
  5301 | D:5      | Reached skill level 12 in Transmutations
  5312 | D:5      | Found an iron altar of Okawaru.
  6484 | D:5      | Reached skill level 13 in Transmutations
  6905 | D:6      | Reached XP level 9. HP: 46/59 MP: 7/12
  7032 | D:6      | Noticed Menkaure
  7041 | D:6      | Killed Menkaure
  7041 | D:6      | Reached skill level 14 in Transmutations
  7084 | D:6      | Mangled by an unseen horror

Vault maps used:
D:1:      minmay_arrival_statue_studded
D:2:      bloody_makhleb, uniq_terence, uniq_jessica
D:3:      chequers_ecumenical_altar_island
D:4:      grunt_temple_overflow_open, hangedman_abyss_or_decor_jellyfish_corner
D:5:      lemuel_coloured_pillars_altar, kennysheep_mini_moat, first_bread
D:6:      minmay_temple_entry_hall, uniq_menkaure

Skill      XL: |  1  2  3  4  5  6  7  8  9 |
---------------+----------------------------+-----
Transmutations | 3 4 5 7 9 11 13 14 | 14.0
Unarmed Combat | 4 |  4.1
Fighting       | |  1.1
Dodging        | |  2.6
Spellcasting   | |  2.0

Action                   |  1- 3 |  4- 6 |  7- 9 || total
-------------------------+-------+-------+-------++-------
Melee: Unarmed           |   101 |   126 |   210 ||   437
       Headbutt          |     7 |       |     3 ||    10
       Punch             |     1 |       |       ||     1
 Cast: Beastly Appendage |     9 |     2 |     2 ||    13
       Sticks to Snakes  |     7 |    18 |     9 ||    34
       Spider Form       |     2 |    17 |    28 ||    47
       Blade Hands       |       |       |     4 ||     4
  Use: Scroll            |       |     8 |     1 ||     9
       Potion            |       |       |     2 ||     2
 Stab: Distracted        |       |     3 |     1 ||     4
       Sleeping          |       |     1 |     4 ||     5
       Invisible         |       |       |     4 ||     4
  Eat: Chunk             |     2 |    10 |     9 ||    21
       Bread ration      |       |       |     2 ||     2
Armor: Robe              |    26 |    13 |    15 ||    54
       Skin              |       |     2 |     6 ||     8
Dodge: Dodged            |   104 |    99 |   144 ||   347
